[ AOE2 MATCH · #463550781 ]
Team RMAztecs vs Koreans
[ REPLAY ANALYSIS · EXTRACTED FROM THE RECORDED GAME ]
Feudal
9:42
Castle
17:57
Imperial
49:33
| APM avg | 18.8 |
| APM peak | 43 |
| eAPM avg | 12.1 |
| Villagers / military | 138 / 148 |
Focus
⚔️ 38.5% · 🌾 61.5%
Jaguar Warrior ×61 · Spearman ×49 · Monk ×23 · Battering Ram ×6 · Petard ×5 · Trade Cart ×5
Feudal
—
Castle
—
Imperial
—
| APM avg | 21.4 |
| APM peak | 54 |
| eAPM avg | 15.3 |
| Villagers / military | 171 / 592 |
Focus
⚔️ 47.6% · 🌾 52.4%
Spearman ×238 · Knight ×227 · Cavalry Archer ×64 · Battering Ram ×36 · Militia ×14 · Monk ×4
Feudal
9:59
Castle
18:08
Imperial
60:00
| APM avg | 19.6 |
| APM peak | 62 |
| eAPM avg | 13.1 |
| Villagers / military | 163 / 152 |
Focus
⚔️ 20.6% · 🌾 79.4%
Battle Elephant ×129 · Scout Cavalry ×23 · Trade Cart ×19
Feudal
—
Castle
—
Imperial
—
| APM avg | 16.6 |
| APM peak | 121 |
| eAPM avg | 13.0 |
| Villagers / military | 103 / 70 |
Focus
⚔️ 16.3% · 🌾 83.7%
War Wagon ×63 · Iron Pagoda ×4 · Petard ×2 · Battering Ram ×1
Feudal
10:09
Castle
14:32
Imperial
39:06
| APM avg | 25.4 |
| APM peak | 50 |
| eAPM avg | 17.8 |
| Villagers / military | 198 / 682 |
Focus
⚔️ 37.3% · 🌾 62.7%
Knight ×272 · Camel Scout ×160 · Skirmisher ×150 · Scout Cavalry ×75 · Bombard Cannon ×23 · Trade Cart ×21
Feudal
—
Castle
—
Imperial
—
| APM avg | 11.0 |
| APM peak | 143 |
| eAPM avg | 9.3 |
| Villagers / military | 82 / 82 |
Focus
⚔️ 14.0% · 🌾 86.0%
Archer ×82
Match map
Initial resources + every placement click. Lines = walls · curves = elevation contours. ◆ gold · ⬟ stone · ● berries · ✦ relic · ◌ wall gap
Inputs per minute
— Saul Goodman - - GabrielLeroy345
Build order — Saul Goodman
First 150 of 284 actions detected
| 0:10 | Build | House |
| 0:11 | Build | House |
| 0:12 | Create | Villager (Male) ×4 |
| 0:13 | Create | Villager (Male) ×4 |
| 1:58 | Create | Villager (Male) |
| 1:58 | Create | Villager (Male) |
| 1:59 | Create | Villager (Male) |
| 2:20 | Create | Villager (Male) |
| 3:16 | Create | Villager (Male) |
| 3:17 | Create | Villager (Male) |
| 4:47 | Create | Villager (Male) ×5 |
| 5:25 | Build | House |
| 5:38 | Build | House |
| 5:42 | Build | Lumber Camp |
| 5:47 | Build | Mill |
| 7:07 | Create | Villager (Male) |
| 7:29 | Research | Feudal Age |
| 9:19 | Create | Villager (Male) ×5 |
| 9:35 | Build | House |
| 9:42 | Age | Feudal Age |
| 9:47 | Research | Double-Bit Axe |
| 10:27 | Build | Mining Camp |
| 10:35 | Create | Villager (Male) |
| 11:52 | Create | Villager (Male) |
| 12:23 | Build | Farm |
| 12:23 | Build | Farm |
| 12:23 | Build | Farm |
| 12:24 | Build | Farm |
| 12:24 | Build | Farm |
| 12:24 | Build | Farm |
| 12:25 | Build | Farm |
| 12:39 | Create | Villager (Male) |
| 12:42 | Research | Wheelbarrow |
| 12:48 | Build | Farm |
| 13:23 | Build | Farm |
| 13:23 | Build | Farm |
| 13:23 | Build | Farm |
| 13:44 | Build | Blacksmith |
| 13:51 | Create | Villager (Male) |
| 14:33 | Build | Market |
| 14:37 | Create | Villager (Male) |
| 14:46 | Build | House |
| 14:53 | Build | Farm |
| 15:11 | Build | Mining Camp |
| 15:17 | Research | Castle Age |
| 17:19 | Create | Villager (Male) |
| 17:29 | Create | Villager (Male) |
| 17:54 | Create | Villager (Male) |
| 17:57 | Create | Villager (Male) |
| 17:57 | Age | Castle Age |
| 18:19 | Build | Town Center |
| 18:29 | Build | Monastery |
| 18:37 | Build | Town Center |
| 19:07 | Build | Castle |
| 19:22 | Create | Villager (Male) ×5 |
| 19:43 | Build | Palisade Wall |
| 22:22 | Build | University |
| 22:34 | Build | Siege Workshop |
| 22:43 | Build | Siege Workshop |
| 23:00 | Create | Monk |
| 23:32 | Create | Mangonel |
| 23:35 | Research | Fletching |
| 23:37 | Build | Farm |
| 24:58 | Create | Monk |
| 25:29 | Build | Mining Camp |
| 25:34 | Build | Castle |
| 26:30 | Create | Monk ×3 |
| 26:42 | Research | Treadmill Crane |
| 27:34 | Create | Jaguar Warrior |
| 28:28 | Create | Jaguar Warrior ×4 |
| 29:53 | Build | Farm |
| 29:53 | Build | Farm |
| 29:54 | Build | Farm |
| 29:54 | Build | Farm |
| 29:54 | Build | Farm |
| 29:56 | Build | Farm |
| 30:30 | Create | Monk ×5 |
| 31:35 | Create | Jaguar Warrior ×3 |
| 31:53 | Build | Palisade Wall |
| 32:08 | Research | Ballistics |
| 32:22 | Create | Villager (Male) ×2 |
| 32:39 | Create | Villager (Male) |
| 33:26 | Create | Villager (Male) ×3 |
| 33:38 | Create | Battering Ram |
| 33:50 | Create | Villager (Male) |
| 33:53 | Create | Villager (Male) |
| 34:04 | Research | Sanctity |
| 34:07 | Research | Redemption |
| 34:21 | Create | Battering Ram |
| 36:13 | Build | Lumber Camp |
| 36:58 | Create | Jaguar Warrior |
| 37:07 | Research | Hand Cart |
| 37:12 | Build | Building 490 |
| 37:15 | Research | Fortified Wall (upgrade) |
| 38:39 | Create | Jaguar Warrior |
| 38:49 | Create | Battering Ram |
| 39:28 | Create | Villager (Male) ×4 |
| 39:54 | Create | Jaguar Warrior ×2 |
| 40:17 | Create | Villager (Male) |
| 40:39 | Build | Farm |
| 40:39 | Build | Farm |
| 40:46 | Create | Villager (Male) |
| 40:55 | Build | Farm |
| 40:55 | Build | Farm |
| 40:56 | Build | Farm |
| 40:56 | Build | Farm |
| 40:56 | Build | Farm |
| 40:56 | Build | Farm |
| 40:59 | Build | Farm |
| 41:14 | Research | Scale Mail Armor |
| 41:49 | Research | Forging |
| 42:03 | Create | Jaguar Warrior |
| 42:35 | Create | Jaguar Warrior ×2 |
| 42:39 | Build | Farm |
| 42:44 | Build | Mining Camp |
| 42:51 | Create | Villager (Male) ×4 |
| 43:09 | Build | Mining Camp |
| 43:21 | Create | Petard |
| 43:22 | Create | Petard |
| 43:31 | Create | Villager (Male) ×2 |
| 43:38 | Build | Farm |
| 43:43 | Build | Farm |
| 44:08 | Create | Jaguar Warrior ×4 |
| 46:23 | Research | Imperial Age |
| 48:07 | Create | Mangonel |
| 48:08 | Create | Mangonel |
| 48:39 | Build | Lumber Camp |
| 48:41 | Build | Mining Camp |
| 48:58 | Build | Castle |
| 49:33 | Age | Imperial Age |
| 50:05 | Build | Castle |
| 50:27 | Build | Mining Camp |
| 50:32 | Research | Elite Jaguar Warrior (upgrade) |
| 50:34 | Research | Conscription |
| 50:36 | Research | Iron Casting |
| 50:57 | Create | Jaguar Warrior ×2 |
| 51:08 | Research | Capped Ram (upgrade) |
| 51:35 | Create | Unit 1105 |
| 52:12 | Create | Petard ×3 |
| 52:52 | Create | Jaguar Warrior ×5 |
| 54:21 | Create | Villager (Male) ×5 |
| 54:24 | Create | Villager (Male) ×5 |
| 54:38 | Research | Blast Furnace |
| 54:44 | Create | Jaguar Warrior ×2 |
| 55:27 | Create | Villager (Male) ×5 |
| 55:30 | Create | Jaguar Warrior ×4 |
| 55:46 | Research | Gold Mining |
| 55:53 | Build | Lumber Camp |
| 55:56 | Research | Bow Saw |
| 56:33 | Research | Chain Mail Armor |
Build order — GabrielLeroy345
First 150 of 672 actions detected
| 0:01 | Create | Villager (Male) |
| 0:01 | Create | Villager (Male) |
| 0:05 | Build | House |
| 0:07 | Build | House |
| 0:09 | Build | House |
| 0:24 | Create | Villager (Male) |
| 0:25 | Create | Villager (Male) |
| 0:25 | Create | Villager (Male) |
| 1:42 | Create | Villager (Male) |
| 1:42 | Create | Villager (Male) |
| 2:15 | Build | Lumber Camp |
| 2:19 | Create | Villager (Male) |
| 2:19 | Create | Villager (Male) |
| 3:10 | Create | Villager (Male) |
| 3:36 | Create | Villager (Male) |
| 3:36 | Create | Villager (Male) |
| 3:36 | Create | Villager (Male) |
| 3:56 | Create | Villager (Male) |
| 4:06 | Build | Mill |
| 4:55 | Create | Villager (Male) |
| 4:55 | Create | Villager (Male) |
| 4:55 | Create | Villager (Male) |
| 4:56 | Create | Villager (Male) |
| 5:37 | Create | Villager (Male) |
| 5:37 | Create | Villager (Male) |
| 5:52 | Build | House |
| 7:01 | Create | Villager (Male) |
| 7:04 | Build | Farm |
| 7:29 | Create | Villager (Male) |
| 7:58 | Research | Feudal Age |
| 9:10 | Build | Farm |
| 9:29 | Build | House |
| 9:32 | Build | House |
| 9:34 | Build | House |
| 10:13 | Build | Town Center |
| 10:15 | Create | Villager (Male) |
| 10:38 | Create | Villager (Male) |
| 10:45 | Build | House |
| 11:05 | Create | Villager (Male) |
| 11:13 | Build | Blacksmith |
| 11:22 | Create | Villager (Male) |
| 11:31 | Build | House |
| 11:57 | Create | Villager (Male) |
| 12:25 | Create | Villager (Male) |
| 12:27 | Build | Farm |
| 12:44 | Create | Villager (Male) |
| 12:44 | Create | Villager (Male) |
| 12:50 | Build | Market |
| 12:59 | Create | Villager (Male) |
| 12:59 | Create | Villager (Male) |
| 13:13 | Build | Farm |
| 13:13 | Build | Farm |
| 13:16 | Build | Farm |
| 13:22 | Build | Farm |
| 13:32 | Build | Farm |
| 13:37 | Create | Villager (Male) |
| 13:37 | Create | Villager (Male) |
| 13:47 | Build | Farm |
| 14:07 | Create | Villager (Male) |
| 14:07 | Create | Villager (Male) |
| 14:12 | Build | Farm |
| 14:15 | Build | Farm |
| 14:24 | Research | Loom |
| 14:29 | Create | Villager (Male) |
| 14:37 | Build | Farm |
| 14:58 | Create | Villager (Male) |
| 15:00 | Create | Villager (Male) |
| 15:03 | Build | Farm |
| 15:09 | Build | Farm |
| 15:26 | Create | Villager (Male) |
| 15:26 | Create | Villager (Male) |
| 15:45 | Build | Barracks |
| 16:00 | Create | Villager (Male) |
| 16:00 | Create | Villager (Male) |
| 16:08 | Build | Lumber Camp |
| 16:29 | Build | Lumber Camp |
| 16:32 | Research | Castle Age |
| 16:53 | Build | Stable |
| 17:20 | Build | Lumber Camp |
| 17:30 | Research | Double-Bit Axe |
| 17:39 | Build | House |
| 17:41 | Build | House |
| 17:47 | Create | Villager (Male) |
| 17:48 | Create | Villager (Male) |
| 17:48 | Create | Villager (Male) |
| 17:48 | Create | Villager (Male) |
| 17:48 | Create | Villager (Male) |
| 17:55 | Research | Horse Collar |
| 18:21 | Build | Farm |
| 18:33 | Build | House |
| 18:39 | Research | Bloodlines |
| 18:56 | Build | Stable |
| 19:21 | Build | Siege Workshop |
| 19:26 | Create | Villager (Male) |
| 19:26 | Create | Villager (Male) |
| 19:31 | Build | Farm |
| 19:34 | Research | Heavy Plow |
| 19:38 | Research | Bow Saw |
| 19:45 | Create | Villager (Male) |
| 19:52 | Build | House |
| 19:54 | Build | House |
| 19:57 | Build | House |
| 20:00 | Build | Farm |
| 20:01 | Build | Farm |
| 20:14 | Create | Villager (Male) |
| 20:14 | Create | Villager (Male) |
| 20:21 | Build | Farm |
| 20:22 | Build | Farm |
| 20:34 | Create | Villager (Male) |
| 20:34 | Create | Villager (Male) |
| 20:45 | Build | House |
| 20:49 | Build | Farm |
| 20:49 | Build | Farm |
| 20:56 | Create | Knight ×3 |
| 20:56 | Create | Knight |
| 21:11 | Create | Villager (Male) |
| 21:11 | Create | Villager (Male) |
| 21:14 | Build | Farm |
| 21:14 | Build | Farm |
| 21:38 | Research | Wheelbarrow |
| 21:40 | Create | Villager (Male) |
| 21:41 | Create | Villager (Male) |
| 21:44 | Build | Farm |
| 21:45 | Build | Farm |
| 21:49 | Create | Knight ×3 |
| 21:49 | Create | Scout Cavalry |
| 22:11 | Create | Villager (Male) |
| 22:11 | Create | Villager (Male) |
| 22:18 | Build | Mining Camp |
| 22:27 | Create | Villager (Male) |
| 22:27 | Create | Villager (Male) |
| 22:30 | Build | Stable |
| 22:36 | Create | Battering Ram ×4 |
| 22:36 | Create | Battering Ram |
| 22:36 | Create | Battering Ram |
| 23:10 | Create | Villager (Male) |
| 23:10 | Create | Villager (Male) |
| 23:12 | Build | Farm |
| 23:23 | Create | Knight |
| 23:23 | Create | Knight |
| 23:32 | Build | Mill |
| 23:33 | Build | Farm |
| 23:34 | Build | Farm |
| 23:34 | Build | Farm |
| 23:37 | Create | Villager (Male) |
| 23:37 | Create | Villager (Male) |
| 23:43 | Create | Knight |
| 23:46 | Build | Stable |
| 23:54 | Create | Villager (Male) |
| 23:54 | Create | Villager (Male) |
Build order — Twitch.tv/Michix_AoE
First 150 of 412 actions detected
| 0:12 | Build | House |
| 0:14 | Build | House |
| 0:14 | Create | Villager (Male) |
| 0:15 | Create | Villager (Male) |
| 0:15 | Create | Villager (Male) |
| 0:15 | Create | Villager (Male) |
| 0:16 | Create | Villager (Male) |
| 1:57 | Create | Villager (Male) |
| 1:57 | Create | Villager (Male) |
| 2:19 | Create | Villager (Male) |
| 2:47 | Create | Villager (Male) |
| 2:58 | Build | House |
| 3:01 | Build | Mill |
| 3:22 | Create | Villager (Male) |
| 3:22 | Create | Villager (Male) |
| 3:24 | Create | Villager (Male) |
| 3:24 | Create | Villager (Male) |
| 4:19 | Create | Villager (Male) |
| 4:20 | Create | Villager (Male) |
| 4:30 | Create | Villager (Male) |
| 4:31 | Create | Villager (Male) |
| 4:31 | Create | Villager (Male) |
| 5:07 | Create | Villager (Male) |
| 5:31 | Create | Villager (Male) |
| 5:31 | Create | Villager (Male) |
| 6:11 | Build | Lumber Camp |
| 6:59 | Create | Villager (Male) |
| 7:01 | Create | Villager (Male) |
| 7:46 | Research | Feudal Age |
| 9:14 | Build | Barracks |
| 9:18 | Build | House |
| 9:25 | Create | Villager (Male) |
| 9:26 | Create | Villager (Male) |
| 9:32 | Build | House |
| 9:35 | Build | House |
| 9:59 | Age | Feudal Age |
| 10:06 | Build | Blacksmith |
| 10:43 | Create | Villager (Male) |
| 10:48 | Research | Horse Collar |
| 10:57 | Build | House |
| 11:16 | Create | Villager (Male) |
| 11:23 | Build | Farm |
| 11:30 | Build | Farm |
| 11:33 | Create | Villager (Male) |
| 11:51 | Build | Farm |
| 12:03 | Build | Farm |
| 12:20 | Build | Farm |
| 12:36 | Create | Villager (Male) |
| 12:37 | Create | Villager (Male) |
| 13:07 | Build | Market |
| 13:15 | Create | Villager (Male) |
| 13:20 | Build | Farm |
| 13:37 | Build | Mining Camp |
| 14:06 | Build | Farm |
| 14:17 | Build | Farm |
| 14:22 | Create | Villager (Male) |
| 14:47 | Create | Villager (Male) |
| 14:51 | Build | Farm |
| 15:07 | Build | Farm |
| 15:29 | Research | Castle Age |
| 17:09 | Build | Mining Camp |
| 17:26 | Build | Farm |
| 17:27 | Build | Farm |
| 17:29 | Build | Farm |
| 17:30 | Build | Farm |
| 17:47 | Build | Stable |
| 18:08 | Age | Castle Age |
| 18:26 | Build | Stable |
| 18:32 | Research | Gold Mining |
| 18:34 | Create | Villager (Male) |
| 18:34 | Create | Villager (Male) |
| 18:57 | Research | Light Cavalry (upgrade) |
| 19:05 | Research | Forging |
| 19:06 | Research | Scale Barding Armor |
| 19:24 | Build | Farm |
| 19:31 | Create | Scout Cavalry |
| 19:31 | Create | Scout Cavalry |
| 19:46 | Create | Villager (Male) |
| 19:48 | Create | Villager (Male) |
| 19:55 | Research | Bloodlines |
| 20:08 | Build | Farm |
| 20:09 | Build | Farm |
| 20:14 | Create | Scout Cavalry |
| 20:30 | Create | Scout Cavalry |
| 20:38 | Build | Farm |
| 20:39 | Build | Farm |
| 20:48 | Build | House |
| 20:49 | Build | House |
| 20:50 | Build | House |
| 20:52 | Build | House |
| 21:00 | Create | Scout Cavalry |
| 21:13 | Research | Husbandry |
| 21:29 | Build | Farm |
| 21:44 | Create | Scout Cavalry |
| 21:47 | Create | Scout Cavalry |
| 22:23 | Build | Town Center |
| 22:34 | Create | Villager (Male) |
| 22:35 | Create | Villager (Male) |
| 23:14 | Create | Scout Cavalry ×5 |
| 23:26 | Create | Villager (Male) |
| 23:27 | Create | Villager (Male) |
| 23:49 | Build | Farm |
| 23:51 | Build | Farm |
| 23:52 | Build | Farm |
| 23:54 | Create | Villager (Male) |
| 23:54 | Create | Villager (Male) |
| 24:31 | Research | Iron Casting |
| 24:37 | Build | Farm |
| 24:50 | Create | Villager (Male) |
| 24:51 | Create | Villager (Male) |
| 26:12 | Create | Villager (Male) |
| 26:14 | Create | Villager (Male) |
| 26:19 | Create | Villager (Male) |
| 26:42 | Research | Fletching |
| 26:48 | Create | Battle Elephant ×5 |
| 27:13 | Research | Chain Barding Armor |
| 27:31 | Build | Barracks |
| 29:38 | Build | Building 487 |
| 30:51 | Research | Bodkin Arrow |
| 32:44 | Build | Town Center |
| 35:52 | Build | Town Center |
| 36:10 | Create | Villager (Male) |
| 36:11 | Create | Villager (Male) |
| 36:11 | Create | Villager (Male) |
| 36:11 | Create | Villager (Male) |
| 36:11 | Create | Villager (Male) |
| 36:39 | Create | Villager (Male) |
| 36:55 | Build | Town Center |
| 36:58 | Build | Town Center |
| 37:21 | Build | Town Center |
| 37:39 | Create | Villager (Male) |
| 37:43 | Create | Villager (Male) |
| 38:23 | Create | Villager (Male) |
| 39:12 | Create | Villager (Male) |
| 39:47 | Create | Villager (Male) |
| 40:12 | Build | Stone Wall |
| 40:22 | Build | Building 487 |
| 40:32 | Create | Villager (Male) |
| 40:33 | Create | Villager (Male) |
| 41:03 | Create | Villager (Male) |
| 41:18 | Create | Villager (Male) |
| 41:37 | Create | Villager (Male) |
| 41:38 | Create | Villager (Male) |
| 42:28 | Create | Villager (Male) |
| 42:28 | Create | Villager (Male) |
| 42:48 | Build | Stable |
| 43:26 | Build | Mining Camp |
| 43:31 | Create | Scout Cavalry |
| 43:32 | Create | Scout Cavalry |
| 43:34 | Create | Scout Cavalry |
Build order — mutantkillerbr
First 150 of 329 actions detected
| 0:03 | Build | House |
| 0:05 | Build | House |
| 0:06 | Create | Villager (Male) |
| 0:06 | Create | Villager (Male) |
| 0:06 | Create | Villager (Male) |
| 0:06 | Create | Villager (Male) |
| 0:07 | Create | Villager (Male) |
| 1:32 | Create | Villager (Male) |
| 1:57 | Build | Lumber Camp |
| 2:09 | Create | Villager (Male) |
| 2:31 | Create | Villager (Male) |
| 2:52 | Create | Villager (Male) |
| 3:25 | Create | Villager (Male) |
| 3:30 | Build | House |
| 3:41 | Create | Villager (Male) |
| 4:11 | Create | Villager (Male) |
| 4:43 | Create | Villager (Male) |
| 4:44 | Create | Villager (Male) |
| 4:44 | Create | Villager (Male) |
| 5:35 | Create | Villager (Male) |
| 5:35 | Create | Villager (Male) |
| 5:35 | Create | Villager (Male) |
| 5:41 | Build | House |
| 6:19 | Create | Villager (Male) |
| 6:43 | Create | Villager (Male) |
| 7:38 | Build | Mining Camp |
| 7:39 | Create | Villager (Male) |
| 8:03 | Build | Mill |
| 8:04 | Create | Villager (Male) |
| 8:31 | Research | Feudal Age |
| 9:31 | Build | Mill |
| 9:36 | Research | Loom |
| 10:39 | Build | House |
| 10:55 | Build | Blacksmith |
| 11:03 | Build | Market |
| 11:06 | Create | Villager (Male) |
| 11:20 | Build | Mining Camp |
| 11:29 | Create | Villager (Male) |
| 11:51 | Create | Villager (Male) |
| 12:41 | Research | Castle Age |
| 12:41 | Research | Castle Age |
| 13:28 | Research | Double-Bit Axe |
| 14:53 | Research | Fletching |
| 15:18 | Create | Villager (Male) |
| 15:34 | Build | House |
| 15:45 | Create | Villager (Male) |
| 16:06 | Build | Castle |
| 16:12 | Create | Villager (Male) |
| 16:30 | Create | Villager (Male) |
| 16:44 | Build | Farm |
| 16:49 | Build | Farm |
| 16:59 | Create | Villager (Male) |
| 17:27 | Build | Town Center |
| 17:30 | Create | Villager (Male) |
| 17:33 | Create | War Wagon |
| 17:54 | Create | War Wagon |
| 17:58 | Create | Villager (Male) |
| 18:03 | Build | Farm |
| 18:14 | Create | Villager (Male) |
| 18:37 | Create | War Wagon |
| 18:56 | Create | War Wagon |
| 19:04 | Create | Villager (Male) |
| 19:15 | Build | Farm |
| 19:42 | Create | Villager (Male) |
| 19:42 | Create | Villager (Male) |
| 20:05 | Create | War Wagon |
| 20:27 | Create | War Wagon |
| 20:34 | Create | Villager (Male) |
| 20:34 | Create | Villager (Male) |
| 21:02 | Create | Villager (Male) |
| 21:02 | Create | Villager (Male) |
| 21:18 | Create | War Wagon |
| 21:18 | Create | War Wagon |
| 21:44 | Create | War Wagon |
| 22:03 | Create | War Wagon |
| 22:09 | Create | Villager (Male) |
| 22:09 | Create | Villager (Male) |
| 22:54 | Build | Castle |
| 23:11 | Create | War Wagon |
| 23:12 | Create | War Wagon |
| 23:33 | Create | Villager (Male) |
| 23:33 | Create | Villager (Male) |
| 24:16 | Create | War Wagon |
| 24:16 | Create | War Wagon |
| 24:38 | Create | Villager (Male) |
| 24:38 | Create | Villager (Male) |
| 25:05 | Create | War Wagon |
| 25:05 | Create | War Wagon |
| 25:05 | Create | War Wagon |
| 25:05 | Create | War Wagon |
| 25:31 | Build | Town Center |
| 25:40 | Create | War Wagon |
| 25:40 | Create | War Wagon |
| 26:16 | Create | War Wagon |
| 26:16 | Create | War Wagon |
| 26:16 | Create | War Wagon |
| 26:16 | Create | War Wagon |
| 26:59 | Build | Castle |
| 27:06 | Create | Villager (Male) |
| 27:06 | Create | Villager (Male) |
| 27:06 | Create | Villager (Male) |
| 27:35 | Build | Castle |
| 27:38 | Create | War Wagon |
| 27:38 | Create | War Wagon |
| 27:39 | Create | War Wagon |
| 27:39 | Create | War Wagon |
| 27:39 | Create | War Wagon |
| 27:39 | Create | War Wagon |
| 27:55 | Create | Villager (Male) |
| 27:55 | Create | Villager (Male) |
| 27:55 | Create | Villager (Male) |
| 28:41 | Create | War Wagon |
| 28:41 | Create | War Wagon |
| 28:41 | Create | War Wagon |
| 28:41 | Create | War Wagon |
| 29:27 | Create | Villager (Male) |
| 29:27 | Create | Villager (Male) |
| 29:27 | Create | Villager (Male) |
| 29:30 | Create | War Wagon |
| 29:30 | Create | War Wagon |
| 29:30 | Create | War Wagon |
| 29:30 | Create | War Wagon |
| 29:31 | Create | War Wagon |
| 29:31 | Create | War Wagon |
| 30:08 | Create | Villager (Male) |
| 30:08 | Create | Villager (Male) |
| 30:08 | Create | Villager (Male) |
| 31:06 | Create | War Wagon |
| 31:06 | Create | War Wagon |
| 31:06 | Create | War Wagon |
| 31:06 | Create | War Wagon |
| 31:37 | Create | Villager (Male) |
| 31:37 | Create | Villager (Male) |
| 31:37 | Create | Villager (Male) |
| 31:39 | Create | War Wagon |
| 31:39 | Create | War Wagon |
| 31:40 | Create | War Wagon |
| 31:40 | Create | War Wagon |
| 32:05 | Create | Villager (Male) |
| 32:05 | Create | Villager (Male) |
| 32:05 | Create | Villager (Male) |
| 32:09 | Create | War Wagon |
| 32:12 | Create | War Wagon |
| 32:40 | Create | Villager (Male) |
| 32:40 | Create | Villager (Male) |
| 32:40 | Create | Villager (Male) |
| 32:44 | Create | War Wagon |
| 32:44 | Create | War Wagon |
| 32:44 | Create | War Wagon |
| 32:44 | Create | War Wagon |
Build order — AxD | Jano
First 150 of 580 actions detected
| 0:02 | Create | Villager (Male) ×5 |
| 0:04 | Build | House |
| 0:06 | Build | House |
| 0:08 | Build | House |
| 1:33 | Create | Villager (Male) |
| 1:34 | Create | Villager (Male) |
| 1:59 | Build | Lumber Camp |
| 2:09 | Create | Villager (Male) |
| 2:24 | Create | Villager (Male) |
| 2:59 | Create | Villager (Male) |
| 2:59 | Create | Villager (Male) |
| 3:10 | Create | Villager (Male) |
| 3:11 | Create | Villager (Male) |
| 3:50 | Create | Villager (Male) |
| 4:24 | Create | Villager (Male) ×2 |
| 4:24 | Create | Villager (Male) ×2 |
| 5:12 | Create | Villager (Male) ×4 |
| 5:29 | Build | House |
| 5:32 | Build | Mill |
| 5:40 | Create | Villager (Male) |
| 6:32 | Create | Villager (Male) |
| 6:33 | Create | Villager (Male) |
| 6:34 | Create | Villager (Male) |
| 7:24 | Build | Mining Camp |
| 7:40 | Research | Loom |
| 7:44 | Research | Feudal Age |
| 7:48 | Research | Loom |
| 8:22 | Build | Farm |
| 8:24 | Build | Farm |
| 8:55 | Create | Villager (Male) |
| 10:09 | Age | Feudal Age |
| 10:42 | Build | Market |
| 10:46 | Build | Blacksmith |
| 11:19 | Build | Farm |
| 11:23 | Build | Farm |
| 12:07 | Research | Castle Age |
| 12:16 | Build | Farm |
| 12:18 | Build | Farm |
| 12:59 | Research | Horse Collar |
| 13:06 | Create | Villager (Male) |
| 13:15 | Build | House |
| 13:53 | Research | Double-Bit Axe |
| 14:32 | Age | Castle Age |
| 15:00 | Build | House |
| 15:01 | Build | House |
| 15:04 | Create | Villager (Male) |
| 15:10 | Research | Bow Saw |
| 15:45 | Create | Villager (Male) |
| 15:59 | Build | House |
| 16:02 | Create | Villager (Male) |
| 16:07 | Build | Town Center |
| 16:15 | Build | Town Center |
| 16:20 | Create | Villager (Male) |
| 16:24 | Build | Farm |
| 16:28 | Build | Farm |
| 16:31 | Create | Villager (Male) |
| 16:37 | Build | House |
| 16:39 | Build | House |
| 16:40 | Build | House |
| 17:09 | Create | Villager (Male) ×5 |
| 17:31 | Create | Villager (Male) |
| 17:34 | Build | Farm |
| 17:36 | Build | Farm |
| 17:45 | Build | Farm |
| 17:49 | Create | Villager (Male) |
| 17:52 | Build | Farm |
| 17:52 | Create | Villager (Male) ×3 |
| 18:05 | Build | House |
| 18:18 | Build | House |
| 18:24 | Create | Villager (Male) ×2 |
| 18:29 | Build | Farm |
| 18:30 | Build | Farm |
| 18:32 | Build | Farm |
| 18:46 | Create | Villager (Male) ×2 |
| 18:55 | Build | Barracks |
| 18:57 | Build | Farm |
| 19:08 | Build | Farm |
| 19:12 | Create | Villager (Male) |
| 19:25 | Create | Villager (Male) |
| 19:38 | Build | Farm |
| 19:43 | Build | Farm |
| 19:44 | Build | Farm |
| 19:58 | Create | Villager (Male) ×2 |
| 20:41 | Create | Villager (Male) ×5 |
| 20:55 | Build | Farm |
| 20:56 | Build | Farm |
| 20:58 | Build | Farm |
| 21:06 | Build | Stable |
| 21:07 | Build | Stable |
| 21:08 | Create | Villager (Male) ×3 |
| 21:11 | Build | Farm |
| 21:12 | Build | Farm |
| 21:12 | Build | Farm |
| 21:13 | Build | Farm |
| 21:13 | Build | Farm |
| 21:13 | Build | Farm |
| 21:13 | Build | Farm |
| 21:26 | Build | Farm |
| 21:26 | Build | Farm |
| 21:27 | Build | Farm |
| 21:31 | Build | Farm |
| 21:42 | Create | Villager (Male) ×3 |
| 21:55 | Research | Gold Mining |
| 21:57 | Create | Villager (Male) ×2 |
| 22:02 | Build | House |
| 22:03 | Build | House |
| 22:05 | Build | House |
| 22:06 | Build | House |
| 22:32 | Create | Villager (Male) ×5 |
| 22:40 | Build | Farm |
| 22:41 | Build | Farm |
| 22:56 | Build | Farm |
| 22:58 | Create | Villager (Male) ×5 |
| 23:12 | Research | Bloodlines |
| 23:13 | Research | Husbandry |
| 23:19 | Build | Farm |
| 23:27 | Build | Farm |
| 23:41 | Research | Scale Barding Armor |
| 23:45 | Research | Forging |
| 23:51 | Research | Husbandry |
| 24:07 | Create | Villager (Male) ×4 |
| 24:14 | Build | Farm |
| 24:15 | Build | Farm |
| 24:27 | Research | Chain Barding Armor |
| 24:37 | Build | Mill |
| 24:37 | Build | Farm |
| 24:38 | Build | Farm |
| 24:43 | Build | Farm |
| 24:45 | Research | Wheelbarrow |
| 24:46 | Research | Town Watch |
| 24:46 | Research | Town Watch |
| 24:50 | Build | House |
| 24:51 | Build | House |
| 24:59 | Create | Knight ×3 |
| 24:59 | Create | Knight ×3 |
| 25:07 | Create | Knight ×2 |
| 25:07 | Create | Knight ×2 |
| 25:30 | Create | Villager (Male) ×5 |
| 25:36 | Build | Farm |
| 25:37 | Build | Farm |
| 25:52 | Build | Mill |
| 25:53 | Build | Farm |
| 25:53 | Build | Farm |
| 25:54 | Build | Farm |
| 26:01 | Build | Farm |
| 26:05 | Research | Iron Casting |
| 26:07 | Create | Knight ×3 |
| 26:08 | Create | Knight ×3 |
| 26:31 | Create | Knight |
| 26:32 | Create | Knight |
Build order — MarcioGoes6535
First 150 of 336 actions detected
| 0:03 | Create | Villager (Male) ×4 |
| 0:07 | Build | House |
| 0:10 | Build | House |
| 0:11 | Build | House |
| 1:46 | Create | Villager (Male) |
| 1:46 | Create | Villager (Male) |
| 2:11 | Create | Villager (Male) |
| 2:37 | Create | Villager (Male) |
| 3:01 | Create | Villager (Male) |
| 3:33 | Create | Villager (Male) ×2 |
| 3:34 | Create | Villager (Male) ×2 |
| 3:50 | Build | Settlement |
| 4:24 | Create | Villager (Male) ×3 |
| 4:45 | Create | Villager (Male) |
| 5:34 | Create | Villager (Male) |
| 6:30 | Build | Settlement |
| 6:32 | Create | Villager (Male) ×4 |
| 7:00 | Create | Villager (Male) |
| 7:01 | Create | Villager (Male) |
| 7:38 | Create | Villager (Male) |
| 7:56 | Build | House |
| 7:58 | Build | House |
| 8:00 | Build | House |
| 8:10 | Build | Barracks |
| 8:55 | Build | Settlement |
| 8:59 | Research | Feudal Age |
| 9:56 | Build | House |
| 9:59 | Build | House |
| 10:23 | Create | Villager (Male) |
| 10:24 | Create | Villager (Male) |
| 10:24 | Create | Villager (Male) |
| 10:24 | Create | Villager (Male) |
| 10:25 | Create | Villager (Male) |
| 10:27 | Research | Loom |
| 10:41 | Build | Outpost |
| 11:25 | Build | Farm |
| 11:44 | Build | Farm |
| 11:49 | Build | Farm |
| 12:02 | Build | Archery Range |
| 12:27 | Build | Farm |
| 12:48 | Build | Archery Range |
| 13:09 | Build | Blacksmith |
| 13:54 | Build | Outpost |
| 14:10 | Create | Villager (Male) |
| 14:15 | Build | Farm |
| 14:28 | Build | Farm |
| 14:33 | Build | Farm |
| 14:39 | Build | Farm |
| 14:41 | Create | Villager (Male) |
| 14:53 | Build | Farm |
| 14:58 | Build | Farm |
| 15:03 | Create | Villager (Male) |
| 15:07 | Create | Archer ×4 |
| 15:10 | Create | Archer |
| 15:29 | Create | Villager (Male) |
| 15:55 | Build | Farm |
| 15:57 | Build | Farm |
| 16:00 | Build | Farm |
| 16:09 | Research | Castle Age |
| 16:48 | Create | Archer ×5 |
| 16:50 | Create | Archer ×4 |
| 17:10 | Research | Fletching |
| 17:17 | Research | Double-Bit Axe |
| 17:26 | Research | Gold Mining |
| 18:11 | Create | Archer |
| 18:27 | Build | Settlement |
| 18:58 | Research | Wheelbarrow |
| 19:03 | Research | Bow Saw |
| 19:31 | Build | Siege Workshop |
| 19:47 | Create | Villager (Male) |
| 20:03 | Research | Bodkin Arrow |
| 20:31 | Build | Town Center |
| 20:35 | Create | Villager (Male) |
| 20:42 | Research | Horse Collar |
| 20:47 | Research | Padded Archer Armor |
| 20:52 | Create | Archer ×5 |
| 20:52 | Create | Archer ×5 |
| 20:55 | Create | Archer |
| 20:56 | Create | Archer |
| 21:13 | Create | Villager (Male) ×2 |
| 22:03 | Research | Crossbowman (upgrade) |
| 22:06 | Create | Archer ×5 |
| 22:10 | Create | Villager (Male) |
| 22:11 | Create | Villager (Male) |
| 22:16 | Create | Archer ×5 |
| 22:26 | Build | Settlement |
| 23:13 | Create | Villager (Male) ×5 |
| 23:46 | Create | Villager (Male) ×2 |
| 24:17 | Create | Villager (Male) |
| 24:27 | Create | Archer ×5 |
| 24:37 | Build | House |
| 24:39 | Build | House |
| 24:40 | Build | House |
| 24:41 | Build | House |
| 24:51 | Build | University |
| 24:52 | Build | House |
| 24:54 | Build | House |
| 24:57 | Build | House |
| 25:48 | Research | Hand Cart |
| 25:50 | Create | Villager (Male) ×2 |
| 26:28 | Create | Villager (Male) ×3 |
| 26:41 | Build | Town Center |
| 27:12 | Create | Villager (Male) ×3 |
| 27:24 | Research | Ballistics |
| 28:00 | Create | Villager (Male) ×4 |
| 28:33 | Create | Archer ×5 |
| 28:33 | Create | Archer ×5 |
| 28:33 | Create | Archer ×5 |
| 28:33 | Create | Archer ×5 |
| 29:01 | Create | Villager (Male) ×5 |
| 29:04 | Research | Town Watch |
| 29:51 | Create | Villager (Male) ×4 |
| 30:12 | Create | Villager (Male) ×2 |
| 30:23 | Build | Farm |
| 30:23 | Build | Farm |
| 30:23 | Build | Farm |
| 30:23 | Build | Farm |
| 30:23 | Build | Farm |
| 30:23 | Build | Farm |
| 30:23 | Build | Farm |
| 30:23 | Build | Farm |
| 30:23 | Build | Farm |
| 30:23 | Build | Farm |
| 30:23 | Build | Farm |
| 30:23 | Build | Farm |
| 30:23 | Build | Farm |
| 30:23 | Build | Farm |
| 30:23 | Build | Farm |
| 30:23 | Build | Farm |
| 30:23 | Build | Farm |
| 30:23 | Build | Farm |
| 30:23 | Build | Farm |
| 30:23 | Build | Farm |
| 30:23 | Build | Farm |
| 30:23 | Build | Farm |
| 30:23 | Build | Farm |
| 30:23 | Build | Farm |
| 30:23 | Build | Farm |
| 30:23 | Build | Farm |
| 30:28 | Build | Farm |
| 30:28 | Build | Farm |
| 30:28 | Build | Farm |
| 30:28 | Build | Farm |
| 30:28 | Build | Farm |
| 30:28 | Build | Farm |
| 30:28 | Build | Farm |
| 30:28 | Build | Farm |
| 30:28 | Build | Farm |
| 30:28 | Build | Farm |
| 30:28 | Build | Farm |
Match timeline
| 8:10 | MarcioGoes6535 · first_building Barracks |
| 9:14 | Twitch.tv/Michix_AoE · first_building Barracks |
| 9:42 | Saul Goodman · age_up feudal |
| 9:59 | Twitch.tv/Michix_AoE · age_up feudal |
| 10:09 | AxD | Jano · age_up feudal |
| 12:02 | MarcioGoes6535 · first_building Archery Range |
| 14:32 | AxD | Jano · age_up castle |
| 15:45 | GabrielLeroy345 · first_building Barracks |
| 15:51 | GabrielLeroy345 · first_market_buy 100 food |
| 16:06 | mutantkillerbr · first_building Castle |
| 16:53 | GabrielLeroy345 · first_building Stable |
| 17:47 | Twitch.tv/Michix_AoE · first_building Stable |
| 17:57 | Saul Goodman · age_up castle |
| 18:08 | Twitch.tv/Michix_AoE · age_up castle |
| 18:29 | Saul Goodman · first_building Monastery |
| 18:51 | Saul Goodman · first_market_buy 100 stone |
| 18:55 | AxD | Jano · first_building Barracks |
| 18:55 | Saul Goodman · first_market_sell 100 food |
| 19:07 | Saul Goodman · first_building Castle |
| 19:21 | GabrielLeroy345 · first_building Siege Workshop |
| 19:31 | MarcioGoes6535 · first_building Siege Workshop |
| 19:43 | Saul Goodman · wall_segment Palisade Wall x6 |
| 19:48 | AxD | Jano · first_market_buy 100 stone |
| 19:57 | AxD | Jano · tribute_sent a jugador 1 |
| 19:57 | AxD | Jano · tribute_sent a jugador 2 |
| 19:57 | AxD | Jano · tribute_sent a jugador 3 |
| 19:57 | AxD | Jano · tribute_sent a jugador 4 |
| 19:57 | AxD | Jano · tribute_sent a jugador 6 |
| 21:06 | AxD | Jano · first_building Stable |
| 21:24 | GabrielLeroy345 · first_market_sell 100 stone |
| 22:34 | Saul Goodman · first_building Siege Workshop |
| 29:05 | AxD | Jano · first_market_sell 100 wood |
| 31:53 | Saul Goodman · wall_segment Palisade Wall x2 |
| 32:21 | GabrielLeroy345 · first_building Monastery |
| 32:35 | AxD | Jano · tribute_sent a jugador 1 |
| 32:35 | AxD | Jano · tribute_sent a jugador 2 |
| 32:35 | AxD | Jano · tribute_sent a jugador 3 |
| 32:35 | AxD | Jano · tribute_sent a jugador 4 |
| 32:35 | AxD | Jano · tribute_sent a jugador 6 |
| 32:36 | Saul Goodman · tribute_sent a jugador 2 |
| 32:36 | Saul Goodman · tribute_sent a jugador 3 |
| 32:36 | Saul Goodman · tribute_sent a jugador 4 |
| 32:36 | Saul Goodman · tribute_sent a jugador 5 |
| 32:36 | Saul Goodman · tribute_sent a jugador 6 |
| 34:20 | MarcioGoes6535 · first_building Monastery |
| 35:18 | AxD | Jano · first_building Monastery |
| 35:19 | MarcioGoes6535 · resign |
| 35:31 | GabrielLeroy345 · first_building Archery Range |
| 36:08 | mutantkillerbr · first_market_buy 100 stone |
| 36:09 | AxD | Jano · tribute_sent a jugador 1 |
| 36:09 | AxD | Jano · tribute_sent a jugador 2 |
| 36:09 | AxD | Jano · tribute_sent a jugador 3 |
| 36:09 | AxD | Jano · tribute_sent a jugador 4 |
| 36:09 | AxD | Jano · tribute_sent a jugador 6 |
| 37:02 | GabrielLeroy345 · first_building Castle |
| 38:46 | AxD | Jano · first_building Siege Workshop |
| 39:06 | AxD | Jano · age_up imperial |
| 39:18 | AxD | Jano · tribute_sent a jugador 1 |
| 39:18 | AxD | Jano · tribute_sent a jugador 2 |
| 39:18 | AxD | Jano · tribute_sent a jugador 3 |
| 39:18 | AxD | Jano · tribute_sent a jugador 4 |
| 39:18 | AxD | Jano · tribute_sent a jugador 6 |
| 40:12 | Twitch.tv/Michix_AoE · wall_segment Stone Wall x22 |
| 42:23 | mutantkillerbr · first_building Siege Workshop |
| 49:33 | Saul Goodman · age_up imperial |
| 50:21 | Twitch.tv/Michix_AoE · tribute_sent a jugador 1 |
| 50:21 | Twitch.tv/Michix_AoE · tribute_sent a jugador 2 |
| 50:21 | Twitch.tv/Michix_AoE · tribute_sent a jugador 4 |
| 50:21 | Twitch.tv/Michix_AoE · tribute_sent a jugador 5 |
| 50:22 | Twitch.tv/Michix_AoE · tribute_sent a jugador 6 |
| 50:28 | Twitch.tv/Michix_AoE · tribute_sent a jugador 1 |
| 50:28 | Twitch.tv/Michix_AoE · tribute_sent a jugador 2 |
| 50:28 | Twitch.tv/Michix_AoE · tribute_sent a jugador 4 |
| 50:28 | Twitch.tv/Michix_AoE · tribute_sent a jugador 5 |
| 50:28 | Twitch.tv/Michix_AoE · tribute_sent a jugador 6 |
| 52:26 | AxD | Jano · first_building Archery Range |
| 54:45 | Twitch.tv/Michix_AoE · first_building Castle |
| 59:18 | AxD | Jano · wall_segment Stone Wall x1 |
| 60:00 | Twitch.tv/Michix_AoE · age_up imperial |
| 65:34 | Saul Goodman · first_building Barracks |
| 68:45 | Twitch.tv/Michix_AoE · first_market_sell 100 wood |
| 71:25 | AxD | Jano · wall_segment Stone Wall x3 |
| 71:55 | Saul Goodman · wall_segment Stone Wall x8 |
[ AI ANALYSIS · 1 CREDIT ]
What really happened in this match?
Wolo.gg analyzes every decision: build order, eco, micro, common mistakes by bracket. Personalized analysis on WhatsApp or Discord in 30 seconds.
Civ guide
Aztecs
Map guide
Arena
Perfil
Jugador #2016705